 Dungeon Crawl Stone Soup version 0.30-a0-738-g116ff8c4af (webtiles) character file.

Game seed: 1476935117088814748

291 sircluck the Cudgeller (level 6, -1/38 HPs)
             Began as a Gargoyle Fighter on Feb 3, 2023.
             Slain by Orangeyouglad's ghost (12 damage)
             ... on level 3 of the Dungeon.
             The game lasted 00:05:25 (2548 turns).

sircluck the Cudgeller (Gargoyle Fighter)           Turns: 2548, Time: 00:05:25

Health: -1/38      AC: 14    Str: 22    XL:     6   Next: 32%
Magic:  6/6        EV:  7    Int:  8    God:
Gold:   196        SH:  4    Dex:  9    Spells: 5/5 levels left

rFire   . . .      SeeInvis .    a - +0 flail
rCold   . . .      Faith    .    c - +0 buckler
rNeg    + . .      Spirit   .    g - +0 chain mail
rPois   ∞          Reflect  .    (no helmet)
rElec   +          Harm     .    (no cloak)
rCorr   .          Rampage  .    (no gloves)
Will    .....                    (no boots) Stlth
                                 (no amulet)
HPRegen 0.26/turn                (no ring)
MPRegen 0.10/turn                (no ring)

@: no status effects
A: sickness immunity, AC +4, negative energy resistance 1, electricity
resistance, torment resistance 1, petrification resistance
a: no special abilities


You were on level 3 of the Dungeon.
You visited 1 branch of the dungeon, and saw 3 of its levels.

You collected 196 gold pieces.

Inventory:

Hand Weapons
 a - a +0 flail (weapon)
 h - a +1 short sword of freezing
Missiles
 k - 49 stones (quivered)
 s - 2 poisoned darts
 t - 3 boomerangs
Armour
 b - a +0 scale mail
 c - a +0 buckler (worn)
 g - a +0 chain mail (worn)
 l - a +2 pair of boots
Scrolls
 e - a scroll of torment {unknown}
 f - 5 scrolls of identify {unknown}
 n - a scroll of magic mapping {unknown}
 o - a scroll of fear {unknown}
 p - a scroll of amnesia {unknown}
 r - a scroll of noise {unknown}
Potions
 d - a potion of might
 i - 2 potions of degeneration {unknown}
 j - 2 potions of heal wounds {unknown}
 m - a potion of haste {unknown}
 q - a potion of brilliance {unknown}
 u - a potion of curing {unknown}


   Skills:
 + Level 4.0 Fighting
 * Level 4.8 Maces & Flails
 * Level 4.4 Armour
 * Level 4.2 Shields


You had 5 spell levels left.
You didn't know any spells.
Your spell library contained the following spells:

 Spells                   Type           Power      Damage    Failure   Level
 Shock                    Conj/Air       0%         1d3       99%         1
 Swiftness                Air            0%         N/A       100%        3
 Airstrike                Air            0%         2d(0-16)  100%        4


Dungeon Overview and Level Annotations

Branches:
Dungeon (3/15)

Altars:

Annotations:
D:3 1 transporter, Orangeyouglad's ghost, weakling OgGl


Innate Abilities, Weirdness & Mutations

You are immune to sickness and miasma.
Your stone body is resilient. (AC +4)
You are immune to poison.
You resist negative energy. (rN+)
You are resistant to electric shocks. (rElec)
You are resistant to unholy torment.
You are immune to petrification.


Message History

The goblin hits you with a +0 dagger. Orangeyouglad's ghost hits you!
* * * LOW HITPOINT WARNING * * *
The hobgoblin hits you but does no damage.
The goblin barely misses you.
Orangeyouglad's ghost hits you but does no damage.
The hobgoblin hits you but does no damage.
You are too injured to fight recklessly!
You are too injured to fight recklessly!
You are too injured to fight recklessly!
You are too injured to fight recklessly!
You are too injured to fight recklessly!
You are too injured to fight recklessly!
You are too injured to fight recklessly!
You are too injured to fight recklessly!
You are too injured to fight recklessly!
You are too injured to fight recklessly!
You are too injured to fight recklessly!
You are too injured to fight recklessly!
You are too injured to fight recklessly!
You are too injured to fight recklessly!
You are too injured to fight recklessly!
You are too injured to fight recklessly!
You are too injured to fight recklessly!
You are too injured to fight recklessly!
You are too injured to fight recklessly!
You are too injured to fight recklessly!
You are too injured to fight recklessly!
You are too injured to fight recklessly!
You are too injured to fight recklessly!
You are too injured to fight recklessly!
You are too injured to fight recklessly!
You sock Orangeyouglad's ghost!
Orangeyouglad's ghost is severely damaged.
The goblin hits you but does no damage.
Orangeyouglad's ghost barely misses you.
The hobgoblin hits you but does no damage.
You closely miss Orangeyouglad's ghost.
Orangeyouglad's ghost is severely damaged.
The goblin hits you but does no damage. Orangeyouglad's ghost hits you!
You die...

........##..............# #...
........#...............#########
............................#
...........#########........# ##
..........##©......##.......# #.
########..#8.......8#..#....# #.
#..#....?....#..+....# #.
##..#$.....g..#..#....####.
######..©#?...©@...#©......#....
#........#.....Wg..#.........###
#........#.........#........>...
#........#8.......8#....########
#........##.......##....'.......
#.........#########.....#######.
#######.................# #.
##................# #.
####.###########.# #.


You could see Orangeyouglad's ghost, a hobgoblin and a goblin.

Vanquished Creatures
  A black bear (D:3)
  An ogre (D:3)
  Terence (D:3)
  A gnoll (D:1)
  3 adders (D:2)
  A worm (D:3)
  A dart slug (D:3)
  An orc (D:3)
  2 ball pythons
  6 endoplasms
  2 giant cockroaches (D:2)
  6 goblins
  5 hobgoblins
  5 jackals
  A quokka (D:1)
  3 bats (D:1)
  5 frilled lizards
  6 kobolds
  5 rats
  2 bushes (D:1)
58 creatures vanquished.

Notes
Turn   | Place    | Note
-------+----------+-------------------------------------------
     0 | D:1      | sircluck the Gargoyle Fighter began the quest for the Orb.
     0 | D:1      | Reached XP level 1. HP: 14/14 MP: 1/1
   107 | D:1      | Reached XP level 2. HP: 17/19 MP: 2/2
   337 | D:1      | Reached XP level 3. HP: 21/24 MP: 3/3
   358 | D:1      | Found a faded altar of an unknown god.
  1019 | D:1      | You fall into a shaft and drop 1 floor!
  1313 | D:2      | Reached XP level 4. HP: 29/29 MP: 4/4
  1725 | D:3      | Noticed an ogre
  1733 | D:3      | Killed an ogre
  1734 | D:3      | Reached XP level 5. HP: 10/33 MP: 5/5
  1946 | D:3      | Found a transporter.
  1949 | D:3      | Noticed Orangeyouglad's ghost (weakling OgGl)
  1949 | D:3      | Noticed a black bear
  1950 | D:3      | Found a transporter.
  2101 | D:3      | Noticed Terence
  2112 | D:3      | Killed Terence
  2540 | D:3      | Killed a black bear
  2541 | D:3      | Reached XP level 6. HP: 35/38 MP: 6/6
  2548 | D:3      | Slain by Orangeyouglad's ghost

Illustrated notes

Levels and vault maps discovered:
D:1:      dpeg_cavernosity, layout_loops_ring,
          hellmonk_ecumenical_altar_heavens_door, serial_forest,
          infiniplex_forest_straight_2, infiniplex_forest_lined_ring,
          infiniplex_forest_corner_2, infiniplex_forest_3_way
D:2:      layout_basic
D:3:      layout_basic, gammafunk_ghost_arena, uniq_terence

Skill      XL: |  1  2  3  4  5 |
---------------+----------------+-----
Maces & Flails | 3 4 |  4.8
Armour         | 4 |  4.4
Shields        | 4 |  4.2
Fighting       | 4 |  4.0

Action                     |  1- 3 |  4- 6 || total
---------------------------+-------+-------++-------
  Melee: Flail             |   223 |    93 ||   316
 Armour: Chain mail        |    67 |    68 ||   135
         Scale mail        |     7 |       ||     7
  Dodge: Dodged            |    59 |    45 ||   104
  Block: Buckler           |    25 |    27 ||    52

Table legend: (Time is in decaauts)
 A = Elapsed time spent in this place.
 B = Non-inter-level travel time spent in this place.
 C = Inter-level travel time spent in this place.
 D = Time resting spent in this place.
 E = Time spent auto-exploring this place.
 F = Levels seen in this place.
 G = Mean time per level.
                   A        B        C        D        E       F      G
               +--------+--------+--------+--------+--------+-----+--------+
         Total |   2641 |   2535 |    106 |      0 |   1718 |   3 |  880.3 |
       Dungeon |   2641 |   2535 |    106 |      0 |   1718 |   3 |  880.3 |
               +--------+--------+--------+--------+--------+-----+--------+

Top non-repeatable levels by time:
     D:1: 1081 daAuts
     D:3: 883 daAuts
     D:2: 677 daAuts
